AoeStats
← Hector

Lombardia

507951765Analyzed
4v4 RM · 12d ago on Sep 20, 2026· 17m 58s· 8 players
Game mode
Random Map
Map size
Large (8 player)
Population
200
Speed
Normal
Resources
Standard
Victory
Conquest
Starting age
Dark Age
Ending age
Imperial Age
RankedLock teamsTeams togetherTeam positionsShared explorationLock speedFull tech treeHidden civsTurbo modeCheats
Victory
Defeat
🇩🇰 Mongols · Denmark
1554
+13
🇨🇳 Magyars · China
1529
+14
🇹🇷 Persians · Türkiye
1419
+19
🇦🇹 Britons · Austria
1408
+19
1505
-17
🇨🇳 Tatars · China
1487
-16
🇺🇸 Burmese · United States
1478
-16
🇲🇽 Georgians · Mexico
1468
-16
Dazkarich
6:31 Loom
9:12 Feudal Age
9:50 Double-Bit Axe
18:26 Castle Age
16:55 Horse Collar
18:08 Gold Mining
busy pushing deer
9:21 Feudal Age
9:39 Man-at-Arms
10:37 Loom
11:18 Arson
丙酮酸嗦话梅
7:34 Loom
9:58 Feudal Age
10:26 Double-Bit Axe
15:36 Town Watch
18:34 Castle Age
微变等效电路法
10:39 Feudal Age
12:21 Loom
15:01 Castle Age
14:10 Double-Bit Axe
14:56 Horse Collar
CBRM
8:28 Loom
10:32 Feudal Age
14:31 Castle Age
13:17 Double-Bit Axe
13:14 Horse Collar
Hector
10:55 Feudal Age
10:40 Loom
14:37 Castle Age
12:53 Double-Bit Axe
13:19 Horse Collar
15:05 Fletching
15:15 Crossbowman
17:37 Bodkin Arrow
_LT_A. EAT
9:23 Feudal Age
9:59 Double-Bit Axe
10:30 Horse Collar
15:33 Scale Barding Armor
3409853472
10:10 Feudal Age
12:33 Loom
15:05 Castle Age
13:15 Double-Bit Axe
13:22 Horse Collar
16:52 Bow Saw
17:24 Heavy Plow
Connection lost

Rejoining the realm…

Still unreachable

The connection could not be restored.

Session expired

The server has moved on; the page needs a fresh start.